 Dungeon Crawl Stone Soup version 0.31.0-9-g3a7656b989 (webtiles) character file.

Game seed: 16971852098650447181

700 stipulation the Grappler (level 7, -3/57 HPs)
             Began as a Ghoul Monk on Jan 25, 2024.
             Slain by an iguana (11 damage)
             ... on level 4 of the Dungeon.
             The game lasted 00:02:00 (4395 turns).

stipulation the Grappler (Ghoul Monk)               Turns: 4395, Time: 00:02:00

Health: -3/57      AC:  8    Str: 17    XL:     7   Next: 65%
Magic:  7/7        EV:  8    Int: 15    God:
Gold:   187        SH:  0    Dex: 11    Spells: 6/6 levels left

rFire   . .          .
                       - Unarmed
rCold   + . .        c - orb {light}
rNeg    + + +        q - +0 chain mail
rPois   ∞            (no helmet)
rElec   .            (no cloak)
rCorr   .            (no gloves)
SInv    .            (no boots)
Will    .....        (no amulet) Stlth
                     j - +6 ring of intelligence
HPRegen 0.00/turn    (no ring)
MPRegen 0.10/turn

%: no passive effects
@: inhibited regen, glowing
A: claws 1, cold resistance 1, negative energy resistance 3, inhibited
regeneration, torment resistance 2, devour on kill
a: no special abilities


You were on level 4 of the Dungeon.
You visited 1 branch of the dungeon, and saw 5 of its levels.

You collected 187 gold pieces.

Inventory:

Armour
 a - a +0 robe
 c - an orb of light (worn)
 q - a +0 chain mail (worn)
Jewellery
 j - a +6 ring of intelligence (left claw)
Wands
 o - a wand of roots (9)
Scrolls
 d - 5 scrolls of identify {unknown}
 e - 2 scrolls of blinking {unknown}
 g - 2 scrolls of brand weapon {unknown}
 m - 2 scrolls of vulnerability {unknown}
 n - a scroll of torment {unknown}
 p - 4 scrolls of teleportation {unknown}
 r - a scroll of fog {unknown}
Potions
 b - a potion of ambrosia
 f - a potion of degeneration {unknown}
 h - 2 potions of curing {unknown}
 i - a potion of might {unknown}
 k - a potion of haste {unknown}
 l - a potion of mutation {unknown}
 s - a potion of brilliance {unknown}
 t - a potion of enlightenment {unknown}


   Skills:
 - Level 3.2 Fighting
 - Level 2.6 Dodging
 + Level 9.6 Unarmed Combat


You had 6 spell levels left.
You didn't know any spells.
Your spell library contained the following spells:

 Spells                   Type           Power      Damage    Failure   Level
 Ensorcelled Hibernation  Hex/Ice        0%         N/A       99%         2
 Fugue of the Fallen      Necr           0%         N/A       100%        3
 Anguish                  Hex/Necr       0%         N/A       100%        4


Dungeon Overview and Level Annotations

Branches:
Dungeon (5/15)
 Temple: D:4-7

Altars:
Xom


Innate Abilities, Weirdness & Mutations

You are immune to poison.
You have sharp fingernails.
Your flesh is cold resistant. (rC+)
You are immune to negative energy. (rN+++)
You do not regenerate when monsters are visible.
You are immune to unholy pain and torment.
You thrive by killing the living.


Message History

You are too injured to fight recklessly!
You are too injured to fight recklessly!
You are too injured to fight recklessly!
You are too injured to fight recklessly!
You are too injured to fight recklessly!
You are too injured to fight recklessly!
You are too injured to fight recklessly!
You are too injured to fight recklessly!
You are too injured to fight recklessly!
You are too injured to fight recklessly!
You are too injured to fight recklessly!
You are too injured to fight recklessly!
You are too injured to fight recklessly!
You barely miss the phantom.
The phantom is lightly damaged.
The phantom hits you but does no damage.
You closely miss the phantom.
The phantom is lightly damaged.
The adder bites you but does no damage. The iguana bites you!
The phantom hits you.
You scratch the phantom but do no damage.
The phantom is lightly damaged.
The adder completely misses you.
You scratch the phantom.
The phantom is moderately damaged.
The iguana bites you!
* * * LOW HITPOINT WARNING * * *
The phantom hits you.
* * * LOW HITPOINT WARNING * * *
The adder bites you but does no damage.
You scratch the adder.
The adder is heavily wounded.
The iguana bites you.
* * * LOW HITPOINT WARNING * * *
The phantom hits you but does no damage.
The adder closely misses you.
You scratch the adder.
The adder is severely wounded.
The adder barely misses you. The iguana bites you!
You die...

##.#######.# #...<...#
#.# #.####.#####.# #.#
#.........##.#
#.############.##.##.#
#......#######.[.....#
######.##..>..###.######
#.##.....# #......###
#.##Sl...# #.........
#.##@W...# #.##...##.
#)##.....# #.##...##.
####.####.### #)#....##.
#....####.# #.#...###.
#.##......# #.#...###.
#.##)####.# #.........
#.........#######.######
#..#.##......## #.######
########
#..)..#.#.....###.......


You could see a phantom, an iguana and an adder.

Vanquished Creatures
  A water moccasin (D:3)
  A black bear (D:4)
  A scorpion (D:4)
  2 bombardier beetles (D:4)
  2 hounds (D:4)
  An orc priest (D:4)
  Natasha (thrice) (D:4)
  2 orc wizards (D:4)
  3 adders
  3 dart slugs
  4 ribbon worms
  11 orcs
  4 ball pythons
  8 endoplasms
  2 giant cockroaches
  14 hobgoblins
  5 jackals
  11 kobolds
  3 quokkas
  5 bats
  4 frilled lizards
  7 goblins
  7 rats
104 creatures vanquished.

Notes
Turn   | Place    | Note
-------+----------+-------------------------------------------
     0 | D:1      | stipulation the Ghoul Monk began the quest for the Orb.
     0 | D:1      | Reached XP level 1. HP: 19/19 MP: 1/1
   236 | D:1      | Reached XP level 2. HP: 26/26 MP: 2/2
   268 | D:1      | Reached skill level 4 in Unarmed Combat
   446 | D:1      | Reached XP level 3. HP: 31/31 MP: 3/3
   888 | D:2      | Reached skill level 5 in Unarmed Combat
   908 | D:2      | Reached XP level 4. HP: 26/38 MP: 4/4
  1069 | D:2      | Found a faded altar of an unknown god.
  1979 | D:3      | Reached skill level 6 in Unarmed Combat
  2303 | D:4      | Noticed a water moccasin
  2314 | D:3      | Killed a water moccasin
  2315 | D:3      | Reached skill level 7 in Unarmed Combat
  2315 | D:3      | Reached XP level 5. HP: 28/45 MP: 5/5
  2317 | D:3      | Reached XP level 6. HP: 34/51 MP: 6/6
  2434 | D:4      | Reached skill level 8 in Unarmed Combat
  2601 | D:4      | Found a shimmering altar of Xom.
  2603 | D:4      | Found a shimmering altar of Xom.
  2603 | D:4      | Found a shimmering altar of Xom.
  2639 | D:4      | Reached XP level 7. HP: 45/57 MP: 7/7
  2686 | D:4      | Found a shimmering altar of Xom.
  2686 | D:4      | Found a shimmering altar of Xom.
  2693 | D:4      | Found a shimmering altar of Xom.
  2693 | D:4      | Found a shimmering altar of Xom.
  2823 | D:4      | Noticed Natasha
  2831 | D:4      | Killed Natasha
  2832 | D:4      | Reached skill level 9 in Unarmed Combat
  3175 | D:4      | Noticed Natasha
  3180 | D:4      | Killed Natasha
  3207 | D:4      | Found a shimmering altar of Xom.
  3218 | D:4      | Found a shimmering altar of Xom.
  3221 | D:4      | Found a shimmering altar of Xom.
  3720 | D:4      | Noticed Natasha
  3728 | D:4      | Killed Natasha
  3730 | D:4      | Found a shimmering altar of Xom.
  3806 | D:4      | Found a shimmering altar of Xom.
  3809 | D:4      | Found a shimmering altar of Xom.
  4191 | D:5      | Entered Level 5 of the Dungeon
  4395 | D:4      | Slain by an iguana

Illustrated notes

Levels and vault maps discovered:
D:1:      tarquinn_simple_flora_water_f, layout_loops_cross
D:2:      layout_basic, shapermc_ecumenical_altar_acropolis
D:3:      layout_rooms
D:4:      layout_loops_cross, nicolae_xom_altar_mimics, uniq_natasha
D:5:      layout_rooms, kennysheep_ying_yang, gammafunk_ghost_gnarly_gnolls,
          uniq_pikel, uniq_sigmund

Skill      XL: |  1  2  3  4  5  6  7 |
---------------+----------------------+-----
Unarmed Combat | 4 5 7 8 9 |  9.6
Fighting       | |  3.2
Dodging        | |  2.6

Action                     |  1- 3 |  4- 6 |  7- 9 || total
---------------------------+-------+-------+-------++-------
  Melee: Unarmed           |    90 |   139 |    41 ||   270
 Armour: Robe              |    37 |    28 |       ||    65
         Chain mail        |       |    63 |    59 ||   122
  Dodge: Dodged            |    39 |    63 |    15 ||   117
